 Dungeon Crawl Stone Soup version 0.28-a0-1513-ge4f4046303 (webtiles) character file.

Game seed: 5143388471664017589

71 MacCMillion the Digger (level 4, 0/24 HPs)
             Began as a Gargoyle Earth Elementalist on Jan 16, 2022.
             Killed by divine providence
             ... invoked by an orc priest
              (15 damage)
             ... on level 3 of the Dungeon.
             The game lasted 00:05:50 (3709 turns).

MacCMillion the Digger (GrEE)                       Turns: 3709, Time: 00:05:50

Health: 0/24       AC:  5    Str: 12    XL:     4   Next: 24%
Magic:  5/8        EV: 12    Int: 17    God:
Gold:   72         SH:  0    Dex: 10    Spells: 7/8 levels left

rFire   . . .      SeeInvis .   m - +1 dagger (drain)
rCold   . . .      Faith    .   (no shield)
rNeg    + . .      Spirit   .   b - +0 robe
rPois   ∞          Reflect  .   (no helmet)
rElec   +          Harm     .   (no cloak)
rCorr   .          Rampage  .   (no gloves)
Will    .....                   (no boots)
Stlth   ++........              a - amulet of the acrobat
HPRegen 0.08/turn               (no ring)
MPRegen 0.11/turn               (no ring)

@: no status effects
A: sickness immunity, AC +3, negative energy resistance 1, electricity
resistance, torment resistance 1, petrification resistance
a: no special abilities


You were on level 3 of the Dungeon.
You visited 1 branch of the dungeon, and saw 3 of its levels.

You collected 72 gold pieces.

Inventory:

Hand Weapons
 e - a +0 dagger
 m - a +1 dagger of draining (weapon)
 p - a +2 dagger of venom
Missiles
 c - 62 stones
 g - 4 boomerangs
Armour
 b - a +0 robe (worn)
Magical Staves
 d - a staff of fire
Jewellery
 a - an amulet of the acrobat (around neck)
Wands
 j - a wand of iceblast (4)
Scrolls
 k - a scroll of fear {unknown}
 l - a scroll of teleportation {unknown}
Potions
 f - a potion of ambrosia {unknown}
 h - 2 potions of curing {unknown}
 i - a potion of berserk rage {unknown}
 n - 2 potions of might {unknown}
 o - a potion of cancellation {unknown}


   Skills:
 - Level 1.7 Dodging
 - Level 3.0 Stealth
 + Level 2.9 Spellcasting
 - Level 1.0 Transmutations
 + Level 4.5 Earth Magic


You had 7 spell levels left.
You knew the following spells:

 Your Spells              Type           Power      Damage    Failure   Level
a - Sandblast             Erth           34%        2d9       2%          1

Your spell library contained the following spells:

 Spells                   Type           Power      Damage    Failure   Level
 Passwall                 Tmut/Erth      9%         N/A       9%          2
 Stone Arrow              Conj/Erth      20%        3d8       21%         3
 Petrify                  Tmut/Erth      11%        N/A       50%         4


Dungeon Overview and Level Annotations

Branches:
Dungeon (3/15)

Altars:


Innate Abilities, Weirdness & Mutations

You are immune to sickness and miasma.
Your stone body is resilient. (AC +3)
You are immune to poison.
You resist negative energy. (rN+)
You are resistant to electric shocks. (rElec)
You are resistant to unholy torment.
You are immune to petrification.


Message History

There is a stone staircase leading down here.
You start waiting.
Done waiting.
You climb downwards.
There is a stone staircase leading up here.
Aiming: Sandblast (safe; 2% risk of failure)
Press: ? - help, Q - select action, (/) - cycle Shift-Dir - straight line, f - orc priest
Aim: an orc priest, wielding a +0 trident and wearing a +0 ring mail (82% to hit)
The blast of sand hits the orc priest.
The orc priest is moderately wounded.
Aiming: Sandblast (safe; 2% risk of failure)
Press: ? - help, Q - select action, (/) - cycle Shift-Dir - straight line, f/p - orc priest
Aim: an orc priest, wielding a +0 trident and wearing a +0 ring mail (moderately wounded, 82% to hit)
The blast of sand hits the orc priest but does no damage.
The orc priest is moderately wounded.
The orc priest misses you.
Aiming: Sandblast (safe; 2% risk of failure)
Press: ? - help, Q - select action, (/) - cycle Shift-Dir - straight line, f/p - orc priest
Aim: an orc priest, wielding a +0 trident and wearing a +0 ring mail (moderately wounded, 82% to hit)
The blast of sand misses the orc priest.
The orc priest hits you from afar with a +0 trident.
The orc priest hits you with a +0 trident.
Things that are here:
a rat corpse; a ball python skeleton You closely miss the orc priest.
The orc priest is moderately wounded.
The orc priest barely misses you.
You hit the orc priest.
The orc priest is heavily wounded.
The orc priest invokes the aid of Beogh against you.
You barely resist. You barely miss the orc priest.
The orc priest is heavily wounded.
The orc priest barely misses you.
You barely miss the orc priest.
The orc priest is heavily wounded.
The orc priest invokes the aid of Beogh against you.
Beogh smites you!
Ouch! That really hurt!
You die...

### ..# ###.# .# #<#.#
...###@#.##########
........o...........
#............#######.###
#((####.........†.o.....
#. #.................
#).####.................
#.........###...........
.....#######
#....(...... ...
#...........


You could see an orc priest.

Vanquished Creatures
  7 dart slugs
  An orc (D:2)
  4 ball pythons
  2 endoplasms (D:2)
  3 giant cockroaches
  3 goblins
  5 hobgoblins
  8 jackals
  5 bats
  7 kobolds
  8 rats
53 creatures vanquished.

Notes
Turn   | Place    | Note
-------+----------+-------------------------------------------
     0 | D:1      | MacCMillion the Gargoyle Earth Elementalist began the quest
                  | for the Orb.
     0 | D:1      | Reached XP level 1. HP: 10/10 MP: 3/3
   182 | D:1      | Reached skill level 1 in Transmutations
   182 | D:1      | Reached XP level 2. HP: 15/15 MP: 5/5
   475 | D:1      | Reached skill level 4 in Earth Magic
   580 | D:1      | Reached XP level 3. HP: 11/19 MP: 3/6
  2353 | D:2      | Reached XP level 4. HP: 24/24 MP: 8/8
  2729 | D:3      | HP: 1/24 [orc priest/divine providence (13)]
  3709 | D:3      | Killed from afar by an orc priest

Illustrated notes

Levels and vault maps discovered:
D:1:      dpeg_arrival_arbitrary_a, layout_loops_ring
D:2:      layout_basic
D:3:      layout_basic, mainiacjoe_overflow_24_doors, minmay_vboxes

Skill      XL: |  1  2  3 |
---------------+----------+-----
Transmutations | 1 |  1.0
Earth Magic    | 4 |  4.5
Stealth        | 3 |  3.0
Dodging        | |  1.7
Spellcasting   | |  2.9

Action                   |  1- 3 |  4- 6 || total
-------------------------+-------+-------++-------
Melee: Club              |    10 |       ||    10
       Dagger            |   136 |    21 ||   157
       Unarmed           |     2 |       ||     2
       Punch             |     2 |       ||     2
 Cast: Sandblast         |    18 |    18 ||    36
 Stab: Sleeping          |     7 |     2 ||     9
Armor: Robe              |    38 |     7 ||    45
Dodge: Dodged            |    96 |    22 ||   118

Table legend: (Time is in decaauts)
 A = Elapsed time spent in this place.
 B = Non-inter-level travel time spent in this place.
 C = Inter-level travel time spent in this place.
 D = Time resting spent in this place.
 E = Time spent auto-exploring this place.
 F = Levels seen in this place.
 G = Mean time per level.
                   A        B        C        D        E       F      G
               +--------+--------+--------+--------+--------+-----+--------+
         Total |   3717 |   3485 |    232 |    953 |   2011 |   3 | 1239.0 |
       Dungeon |   3717 |   3485 |    232 |    953 |   2011 |   3 | 1239.0 |
               +--------+--------+--------+--------+--------+-----+--------+

Top non-repeatable levels by time:
     D:2: 1873 daAuts
     D:1: 1738 daAuts
     D:3: 105 daAuts
